 Dungeon Crawl Stone Soup version 0.30-a0-1053-gbd8d5ba0ad (webtiles) character file.

Game seed: 2601407894998456476

47 voltaire321 the Trooper (level 3, -3/33 HPs)
             Began as a Hill Orc Fighter on Apr 12, 2023.
             Slain by a quokka (4 damage)
             ... on level 2 of the Dungeon.
             The game lasted 00:02:01 (843 turns).

voltaire321 the Trooper (Hill Orc Fighter)           Turns: 843, Time: 00:02:01

Health: -3/33      AC:  9    Str: 18    XL:     3   Next: 70%
Magic:  3/3        EV:  9    Int: 10    God:
Gold:   65         SH:  4    Dex: 10    Spells: 2/2 levels left

rFire   . . .      SeeInvis .    a - +0 war axe
rCold   . . .      Faith    .    c - +0 buckler
rNeg    . . .      Spirit   .    b - +0 scale mail
rPois   .          Reflect  .    f - +0 helmet
rElec   .          Rampage  .    (no cloak)
rCorr   .                        (no gloves)
Will    .....                    g - +0 pair of boots Stlth
                                 (no amulet)
HPRegen 0.25/turn                (no ring)
MPRegen 0.08/turn                (no ring)

@: lethally poisoned (-3 -> -7)
A: no striking features
a: no special abilities


You were on level 2 of the Dungeon.
You visited 1 branch of the dungeon, and saw 2 of its levels.

You collected 65 gold pieces.

Inventory:

Hand Weapons
 a - a +0 war axe (weapon)
Armour
 b - a +0 scale mail (worn)
 c - a +0 buckler (worn)
 f - a +0 helmet (worn)
 g - a +0 pair of boots (worn)
Scrolls
 h - a scroll of poison {unknown}
 i - a scroll of fog {unknown}
Potions
 d - 2 potions of might
 e - a potion of lignification {unknown}


   Skills:
 + Level 4.1 Fighting
 + Level 3.3 Axes
 + Level 3.6 Armour
 + Level 0.9 Dodging
 + Level 3.7 Shields


You had 2 spell levels left.
You didn't know any spells.
Your spell library contained the following spells:

 Spells                   Type           Power      Damage    Failure   Level
 Static Discharge         Conj/Air       0%         2-2/arc   93%         2
 Airstrike                Air            0%         2d(0-16)  100%        4
 Summon Lightning Spire   Summ/Air       0%         N/A       100%        4


Dungeon Overview and Level Annotations

Branches:
Dungeon (2/15)

Altars:

Shops:
D:1 *

Annotations:
D:2 Robin


Message History

You kill the hobgoblin!
You closely miss the goblin. You miss the goblin.
Robin hits you from afar with a +2 spear of venom.
The goblin hits you with a +0 club. The goblin closely misses you.
The goblin hits you but does no damage. Robin throws the goblin at you!
The goblin closely misses you.
Found a stone staircase leading up.
Robin zaps a wand.
The bolt of dispelling energy hits you!
Ouch! That really hurt!
* * * LOW HITPOINT WARNING * * *
Things that are here:
a hobgoblin corpse; a hobgoblin corpse You slash Robin!
Robin is severely wounded.
You closely miss the goblin. You barely miss the goblin.
Robin drinks a potion.
Robin is healed!
You block the goblin's attack. The goblin barely misses you.
You barely miss Robin. You hit the quokka. You hit the goblin but do no damage.
You closely miss the goblin. Robin hits you but does no damage.
You are poisoned.
The goblin closely misses you. The goblin misses you.
The quokka bites you but does no damage.
Robin hits you but does no damage.
The goblin hits you but does no damage. x2
You hit Robin.
Robin is moderately wounded.
You miss the quokka. You closely miss the goblin. You hit the goblin.
* * * LOW HITPOINT WARNING * * *
You feel very sick. The quokka barely misses you.
Robin hits you with a +2 spear of venom.
* * * LOW HITPOINT WARNING * * *
The quokka bites you but does no damage.
The goblin barely misses you. The goblin misses you.
You closely miss Robin.
Robin is moderately wounded.
You closely miss the goblin. x2; You hit the quokka.
* * * LOW HITPOINT WARNING * * *
You feel sick. The quokka barely misses you. You block Robin's attack.
You block the goblin's attack. The goblin hits you but does no damage.
The quokka bites you.
You die...

#.# #.##### #.#...
#.#.## #.
#....##..<
##....?....
####)g........
#...)g@r...#
#.##.))g...#
#.####...### #.#
#...# .#### #.#
##### ..<.# #.###
###.# #.#.##
.##.#######....####
..................+


You could see Robin, a quokka and 2 goblins.

Vanquished Creatures
  A gnoll (D:1)
  3 ball pythons (D:1)
  3 bats (D:1)
  2 endoplasms (D:1)
  6 goblins
  8 hobgoblins
  3 jackals (D:1)
  A kobold (D:1)
  3 frilled lizards (D:1)
  2 rats (D:1)
32 creatures vanquished.

Notes
Turn   | Place    | Note
-------+----------+-------------------------------------------
     0 | D:1      | voltaire321 the Hill Orc Fighter began the quest for the
                  | Orb.
     0 | D:1      | Reached XP level 1. HP: 19/19 MP: 1/1
   182 | D:1      | Reached XP level 2. HP: 26/27 MP: 2/2
   215 | D:1      | Found Ahinafi's General Store.
   336 | D:1      | Reached XP level 3. HP: 30/33 MP: 3/3
   686 | D:1      | Reached skill level 4 in Fighting
   830 | D:2      | Noticed Robin
   843 | D:2      | HP: 1/33 [poisoned by Robin]
   843 | D:2      | Slain by a quokka

Illustrated notes

Levels and vault maps discovered:
D:1:      eino_arrival_cavern_d, layout_basic, serial_shops, shop
D:2:      layout_loops_corners, minmay_tripent, uniq_robin

Skill      XL: |  1  2  3 |
---------------+----------+-----
Axes           | 3 |  3.3
Fighting       | 4 |  4.1
Armour         | |  3.6
Dodging        | |  0.9
Shields        | |  3.7

Action                     || total
---------------------------++-------
  Melee: War axe           ||    61
 Armour: Scale mail        ||    39
  Dodge: Dodged            ||    48
  Block: Buckler           ||    24

Table legend: (Time is in decaauts)
 A = Elapsed time spent in this place.
 B = Non-inter-level travel time spent in this place.
 C = Inter-level travel time spent in this place.
 D = Time resting spent in this place.
 E = Time spent auto-exploring this place.
 F = Levels seen in this place.
 G = Mean time per level.
                   A        B        C        D        E       F      G
               +--------+--------+--------+--------+--------+-----+--------+
         Total |    866 |    838 |     28 |     22 |    615 |   2 |  433.0 |
       Dungeon |    866 |    838 |     28 |     22 |    615 |   2 |  433.0 |
               +--------+--------+--------+--------+--------+-----+--------+

Top non-repeatable levels by time:
     D:1: 826 daAuts
     D:2: 40 daAuts
